 Dungeon Crawl Stone Soup version 0.22-a0-374-g5dfd9e3911 (webtiles) character file.

100 Flugkiller the Caller (level 4, -3/30 HPs)
             Began as a Mummy Summoner on Apr 26, 2018.
             Killed from afar by Sigmund (13 damage)
             ... with a wand of flame (10)
             ... on level 4 of the Dungeon.
             The game lasted 00:08:36 (4775 turns).

Flugkiller the Caller (Mummy Summoner)              Turns: 4775, Time: 00:08:37

Health: -3/30      AC:  5    Str: 11    XL:     4   Next: 46%
Magic:  5/8        EV: 12    Int: 15    God:
Gold:   130        SH:  0    Dex: 12    Spells: 3/9 levels left

rFire    x . .     SeeInvis .   (no weapon)
rCold    + . .     Gourm    +   (no shield)
rNeg     + + +     Faith    .   a - +0 robe
rPois    ∞         Spirit   .   (no helmet)
rElec    .         Reflect  .   b - +2 cloak
rCorr    .         Harm     .   (no gloves)
MR       .....                  (no boots)
Stlth    ++........             g - amulet of the gourmand
HPRegen  0.10/turn              (no ring)
MPRegen  0.11/turn              (no ring)

@: no status effects
A: no food or potions, fire vulnerability, cold resistance 1, negative energy
resistance 3, torment resistance, unbreathing
a: no special abilities


You were on level 4 of the Dungeon.
You were not hungry.

You visited 1 branch of the dungeon, and saw 4 of its levels.

You collected 130 gold pieces.

Inventory:

Armour
 a - a +0 robe (worn)
 b - a +2 cloak (worn)
Jewellery
 g - an amulet of the gourmand (around neck)
Scrolls
 c - 6 scrolls of identify
 d - 5 scrolls of remove curse
 e - 2 scrolls of enchant weapon
 f - a scroll of teleportation


   Skills:
 - Level 1.5 Dodging
 - Level 1.5 Stealth
 - Level 3.0 Spellcasting
 * Level 4.8 Summonings


You had 3 spell levels left.
You knew the following spells:

 Your Spells              Type           Power        Failure   Level  Hunger
a - Summon Small Mammal   Summ           ###.         2%          1    N/A
b - Call Imp              Summ           ###.....     4%          2    N/A
c - Call Canine Familiar  Summ           ###.....     9%          3    N/A

Dungeon Overview and Level Annotations

Branches:
Dungeon (4/15)
 Temple: D:4-7

Altars:
Sif Muna

Annotations:
D:4 Sigmund


Innate Abilities, Weirdness & Mutations

You do not eat or drink.
Your flesh is vulnerable to fire.
You are immune to poison.
Your flesh is cold resistant. (rC+)
You are immune to negative energy. (rN+++)
You are immune to unholy pain and torment.
You can survive without breathing.


Message History

Sigmund zaps a wand.
The puff of flame hits you! The fire burns you terribly!
Ouch! That really hurt!
It is a wand of flame (11).
What are your orders? t - Shout!
Orders for allies: a - Attack new target. r - Retreat! s - Stop attacking. g - Guard the area. f - Follow me.
Anything else - Cancel.
Gang up on whom?
Press: ? - help, Dir - move target cursor, f - Sigmund
Aim: Sigmund, wielding a scythe, wearing a robe and carrying a wand of flame (11) Attack!
You swap places.
Your iron imp hits Sigmund.
Sigmund zaps a wand.
The puff of flame hits you! The fire burns you terribly!
* * * LOW HITPOINT WARNING * * *
Your iron imp hits Sigmund!
Sigmund zaps a wand.
The puff of flame hits you! The fire burns you terribly!
You die...

#####..# #..#..
#..# #..#.##
#..# #..#..##
##.##
..#..[#..#.#
#.#..##..#.#
#.#......#.#
#.....# #.#
##@....# #.#
#..#.5.# #.#
#..#...# #.#
########..#.5@#
#.#
..........#...#
#.#
########..#.....
#.#
#..#[#....#.#
#..########.#
#...........#


You could see Sigmund and a friendly shadow imp.

Vanquished Creatures
  A goblin (D:1)
  2 jackals (D:1)
  A kobold (D:3)
  A bat (D:1)
5 creatures vanquished.

Vanquished Creatures (collateral kills)
  A crimson imp (D:3)
  Jessica (D:2)
  3 adders
  An ooze (D:1)
  6 worms
  2 leopard geckos
  An orc (D:3)
  A ball python (D:1)
  4 giant cockroaches
  4 hobgoblins
  4 jackals
  8 kobolds
  A quokka (D:2)
  11 bats
  5 frilled lizards
  2 goblins (D:3)
  2 rats
57 creatures vanquished.

Grand Total: 62 creatures vanquished

Notes
Turn   | Place    | Note
-------+----------+-------------------------------------------
     0 | D:1      | Flugkiller the Mummy Summoner began the quest for the Orb.
     0 | D:1      | Reached XP level 1. HP: 13/13 MP: 4/4
  1066 | D:1      | Reached XP level 2. HP: 19/19 MP: 3/6
  2054 | D:2      | Learned a level 2 spell: Call Imp
  2251 | D:2      | Reached skill level 4 in Summonings
  2436 | D:2      | Reached XP level 3. HP: 24/24 MP: 4/7
  2599 | D:2      | Learned a level 3 spell: Call Canine Familiar
  2615 | D:2      | Noticed Jessica
  2624 | D:2      | Killed Jessica
  3889 | D:3      | Reached XP level 4. HP: 30/30 MP: 2/8
  4167 | D:3      | Found a deep blue altar of Sif Muna.
  4697 | D:4      | Noticed Sigmund
  4775 | D:4      | Killed from afar by Sigmund

Vault maps used:
D:1:      onia_arrival_mini_maze_b
D:2:      kennysheep_jessica_study
D:3:      lemuel_statue_altar
D:4:      sigmund_edmund_badplayer

Skill      XL: |  1  2 |
---------------+-------+-----
Spellcasting   | 3 |  3.0
Summonings     | 4 |  4.8
Dodging        | |  1.5
Stealth        | |  1.5

Action                   |  1- 3 |  4- 6 || total
-------------------------+-------+-------++-------
Melee: Unarmed           |    31 |    11 ||    42
 Cast: Summon Small Mamm |    62 |       ||    62
       Call Imp          |    18 |    11 ||    29
       Call Canine Famil |    13 |    11 ||    24
  Use: Scroll            |     4 |       ||     4
Armor: Robe              |    37 |    10 ||    47
Dodge: Dodged            |   126 |    21 ||   147

Table legend:
 A = Spawn XP
 B = Non-spawn XP
 C = Spawn XP percentage of total XP
 D = Spawn monster count
 E = Non-spawn monster count
 F = Spawn count percentage of total count
 G = Total turns spent on level
                    A         B        C        D         E        F      G
               +---------+---------+-------+---------+---------+-------+---------
         Total |       0 |     143 |   0.0 |       0 |      62 |   0.0 |  4775
               +---------+---------+-------+---------+---------+-------+---------
           D:1 |       0 |      29 |   0.0 |       0 |      22 |   0.0 |  2050
           D:2 |       0 |      53 |   0.0 |       0 |      16 |   0.0 |  1358
           D:3 |       0 |      58 |   0.0 |       0 |      21 |   0.0 |  1092
           D:4 |       0 |       3 |   0.0 |       0 |       3 |   0.0 |   275
               +---------+---------+-------+---------+---------+-------+---------
